 Dungeon Crawl Stone Soup version 0.24.0-123-gd5b16e6ec5 (webtiles) character file.

Game seed: 18235871187307451386, levelgen mode: deterministic

18483 Johnny the Geomancer (level 12, -3/81 HPs)
             Began as a Demigod Earth Elementalist on Feb 2, 2020.
             Slain by an ogre
             ... wielding a +0 giant club
              (13 damage)
             ... on level 11 of the Dungeon.
             The game lasted 00:19:15 (13771 turns).

Johnny the Geomancer (Demigod Earth Elementalist)  Turns: 13771, Time: 00:19:15

Health: -3/81      AC:  8    Str: 11    XL:     12   Next: 2%
Magic:  5/31       EV: 12    Int: 29    God:
Gold:   565        SH:  6    Dex: 14    Spells: 19/32 levels left

rFire    . . .     SeeInvis +   H - +7 morningstar of Hagruhou {freeze, rElec rPois MR+++ Dex-4}
rCold    + . .     Gourm    .   n - +0 buckler
rNeg     . . .     Faith    .   z - +2 robe {MR+}
rPois    +         Spirit   .   x - +2 helmet {SInv}
rElec    +         Reflect  .   y - +0 cloak {+Inv}
rCorr    .         Harm     .   (no gloves)
MR       +++++                  (no boots)
Stlth    ++........             i - amulet of the acrobat
HPRegen  0.23/turn              k - ring of protection from cold
MPRegen  0.22/turn              G - ring "Intes" {Wiz rElec Int+2 Dex+2}

@: no status effects
A: high mp 1
a: Evoke Invisibility


You were on level 11 of the Dungeon.
You were hungry.

You visited 2 branches of the dungeon, and saw 13 of its levels.

You collected 1106 gold pieces.
You spent 541 gold pieces at shops.

Inventory:

Hand Weapons
 H - the +7 morningstar of Hagruhou (weapon) {freeze, rElec rPois MR+++ Dex-4}
   (You took it off an orc on level 7 of the Dungeon)

   It has been specially enchanted to freeze those struck by it, causing extra
   injury to most foes and up to half again as much damage against particularly
   susceptible opponents.
   It can also slow down cold-blooded creatures.
   It affects your dexterity (-4).
   It insulates you from electricity.
   It protects you from poison.
   It affects your resistance to hostile enchantments.
Missiles
 f - 100 stones (quivered)
Armour
 n - a +0 buckler (worn)
 q - a +2 shield
 x - a +2 helmet of see invisible (worn)
 y - a +0 cloak of invisibility (worn)
 z - a +2 robe of magic resistance (worn)
Jewellery
 g - an uncursed ring of ice
 i - an amulet of the acrobat (around neck)
 k - a ring of protection from cold (left hand)
 s - an uncursed ring of see invisible
 t - an uncursed ring of flight
 G - the ring "Intes" (right hand) {Wiz rElec Int+2 Dex+2}
   (You took it off an orc on level 7 of the Dungeon)

   [ring of wizardry]

   It improves your spell success rate.
   It affects your intelligence (+2).
   It affects your dexterity (+2).
   It insulates you from electricity.
 I - an uncursed ring of fire
Wands
 r - a wand of random effects (18)
 v - a wand of paralysis (2)
 K - a wand of flame (33)
Scrolls
 a - 2 scrolls of amnesia
 c - 4 scrolls of enchant armour
 e - 2 scrolls of fear
 h - a scroll of noise
 p - a scroll of remove curse
 C - 2 scrolls of holy word
 L - a scroll of blinking
 M - a scroll of identify
Potions
 b - a potion of lignification
 j - 4 potions of flight
 l - 2 potions of ambrosia
 m - 2 potions of magic
 o - 2 potions of brilliance
 u - 3 potions of might
 w - a potion of haste
 A - 2 potions of mutation
 B - a potion of degeneration
 E - 3 potions of curing
 F - 2 potions of invisibility
Comestibles
 d - 22 rations


   Skills:
 - Level 1.7 Dodging
 - Level 1.7 Stealth
 + Level 9.4 Shields
 + Level 10.6 Spellcasting
 - Level 0.8 Transmutations
 + Level 11.7 Earth Magic


You had 19 spell levels left.
You knew the following spells:

 Your Spells              Type           Power        Failure   Level  Hunger
a - Sandblast             Erth           ######       1%          1    None
b - Stone Arrow           Conj/Erth      #####.       1%          3    None
c - Lee's Rapid Deconstr  Erth           ######....   1%          5    ###....
d - Petrify               Tmut/Erth      ######..     1%          4    None

Your spell library contained the following spells:

 Spells                   Type           Power        Failure   Level  Hunger
 Apportation              Tloc           ###...       1%          1    None
 Corona                   Hex            ###....      1%          1    None
 Shock                    Conj/Air       ###.         1%          1    None
 Summon Butterflies       Summ           ###.....     1%          1    None
 Passwall                 Tmut/Erth      ######..     1%          2    None
 Leda's Liquefaction      Hex/Erth       #####.....   1%          4    None
 Shroud of Golubria       Chrm/Tloc      ###...       2%          2    None
 Slow                     Hex            ###.....     2%          2    None
 Swiftness                Chrm/Air       ###.....     2%          2    None
 Inner Flame              Hex/Fire       ###.....     4%          3    None
 Lesser Beckoning         Tloc           ###.......   4%          3    None
 Ozocubu's Armour         Chrm/Ice       ###.....     4%          3    None
 Portal Projectile        Hex/Tloc       ###...       4%          3    None
 Static Discharge         Conj/Air       ###.....     4%          3    None
 Tukima's Dance           Hex            ###.....     4%          3    None
 Airstrike                Air            ###.......   14%         4    None
 Cause Fear               Hex            ###.......   14%         4    None
 Alistair's Intoxication  Tmut/Pois      ###.....     32%         5    ###....
 Excruciating Wounds      Chrm/Necr      ###.......   34%         5    ###....
 Iskenderun's Battlesphe  Conj/Chrm      ###.....     34%         5    ###....
 Lightning Bolt           Conj/Air       ###.......   34%         5    ###....
 Invisibility             Hex            ###.....     88%         6    #####..


Dungeon Overview and Level Annotations

Branches:
Dungeon (11/15)            Temple (0/1) D:7            Lair (0/6) D:8
    Orc (2/2) D:10
    Elf: Orc:2

Shops:
D:4 }   D:5 %[}[   D:7 (   D:10 *


Innate Abilities, Weirdness & Mutations

You have an increased reservoir of magic. (+10% MP)


Message History

Aiming: Paralyse
Press: ? - help, Shift-Dir - straight line, f/p - ogre
Aim: an ogre, wielding a +0 giant club (lightly wounded, chance to defeat MR: 46%)
The ogre resists with some effort.
Evoke which item? (* to show all) (? for menu, Esc to quit)
Aiming: Paralyse
Press: ? - help, Shift-Dir - straight line, f/p - ogre
Aim: an ogre, wielding a +0 giant club (lightly wounded, chance to defeat MR: 46%)
The ogre resists with some effort.
Evoke which item? (* to show all) (? for menu, Esc to quit)
Aiming: Paralyse
Press: ? - help, Shift-Dir - straight line, f/p - ogre
Aim: an ogre, wielding a +0 giant club (lightly wounded, chance to defeat MR: 46%)
The ogre resists with some effort.
Evoke which item? (* to show all) (? for menu, Esc to quit)
Aiming: Paralyse
Press: ? - help, Shift-Dir - straight line, f/p - ogre
Aim: an ogre, wielding a +0 giant club (lightly wounded, chance to defeat MR: 46%)
The ogre resists with some effort.
The ogre hits you with a +0 giant club!
You die...

#.>............# #####
#...[..........# ############'###
#.# #.# ###### ###### #.# #.....
.....# #.# #.....
....)################.#### #.....
.).)))))..(....O@....)...###.....
.:..)###############..##.........
...).# #.#######..... .?..$# #(#
#..... .....# #.# #....< .....#
#(# #..... ###### #(# #####. #)#
#. #)# #.


You could see an ogre.

Vanquished Creatures
  Snorg (D:11)
  Erolcha (D:10)
  A hydra (D:11)
  Erica (Orc:1)
  3 two-headed ogres
  A tengu warrior (D:7)
  An orc high priest (Orc:1)
  An orc knight (Orc:1)
  An ugly thing (D:11)
  A cyclops (Orc:1)
  Joseph (D:7)
  2 trolls
  Prince Ribbit (D:8)
  2 hornets (D:9)
  Sigmund (D:2)
  9 yaks
  A wyvern (D:11)
  A wraith (D:11)
  3 wargs (Orc:1)
  An acid dragon (D:11)
  5 porcupines (D:8)
  3 ice beasts
  A sky beast (D:9)
  A black bear (D:11)
  18 orc warriors
  5 phantoms
  A necrophage (D:6)
  7 ogres
  7 centaurs
  A crocodile (D:8)
  4 big kobolds
  Blork the orc (D:4)
  2 gnoll sergeants (D:6)
  3 bullfrogs
  5 scorpions
  A killer bee (D:7)
  10 wights
  3 howler monkeys
  5 crimson imps
  A bullfrog zombie (D:9)
  4 hounds
  2 jellies (D:7)
  Crazy Yiuf (D:6)
  10 orc priests
  16 orc wizards
  5 iguanas
  10 worker ants
  2 hound skeletons (D:8)
  14 adders
  4 shadow imps
  2 oozes
  An adder skeleton (D:7)
  3 worms
  A dart slug (D:2)
  A leopard gecko (D:9)
  69 orcs
  2 giant cockroaches (D:3)
  5 goblins
  11 hobgoblins
  9 jackals
  18 kobolds
  6 quokkas
  A ball python (D:3)
  6 bats
  5 frilled lizards
  2 quokka skeletons
  8 rats
  A spectral orc (D:8)
337 creatures vanquished.

Vanquished Creatures (others)
  18 fungi (D:8)
  3 plants (D:8)
21 creatures vanquished.

Grand Total: 358 creatures vanquished

Notes
Turn   | Place    | Note
-------+----------+-------------------------------------------
     0 | D:1      | Johnny the Demigod Earth Elementalist began the quest for
                  | the Orb.
     0 | D:1      | Reached XP level 1. HP: 14/14 MP: 5/5
   580 | D:1      | Reached skill level 3 in Earth Magic
   580 | D:1      | Reached XP level 2. HP: 16/20 MP: 3/7
   987 | D:2      | Reached XP level 3. HP: 25/26 MP: 4/9
  1135 | D:2      | Found a shattered altar of Ashenzari.
  1312 | D:2      | Noticed Sigmund
  1323 | D:2      | Killed Sigmund
  1323 | D:2      | Reached skill level 4 in Earth Magic
  1323 | D:2      | Reached XP level 4. HP: 28/33 MP: 1/12
  1323 | D:2      | Reached XP level 5. HP: 33/38 MP: 1/13
  1510 | D:2      | Learned a level 3 spell: Stone Arrow
  2987 | D:3      | Reached XP level 6. HP: 28/45 MP: 9/15
  2999 | D:3      | Reached skill level 5 in Earth Magic
  4065 | D:4      | Found Nuopho Lary's Gadget Boutique.
  4518 | D:4      | Noticed Blork the orc
  4521 | D:4      | Killed Blork the orc
  4521 | D:4      | Reached XP level 7. HP: 50/50 MP: 12/17
  4731 | D:4      | Learned a level 5 spell: Lee's Rapid Deconstruction
  4736 | D:4      | Learned a level 4 spell: Petrify
  4835 | D:5      | Entered Level 5 of the Dungeon
  4835 | D:5      | Found Jintenl Bety's Antique Armour Emporium.
  4839 | D:5      | Found Toegyhal's Food Emporium.
  4839 | D:5      | Found Cahicsue's Gadget Emporium.
  4842 | D:5      | Found Pummaot's Antique Armour Emporium.
  4849 | D:5      | Reached skill level 5 in Spellcasting
  4912 | D:5      | Reached skill level 6 in Earth Magic
  6173 | D:6      | Reached XP level 8. HP: 44/57 MP: 3/20
  6177 | D:6      | Reached skill level 7 in Earth Magic
  6373 | D:6      | Found a shadowy altar of Dithmenos.
  6510 | D:6      | Reached skill level 1 in Shields
  6778 | D:6      | Found a white marble altar of Elyvilon.
  7495 | D:6      | Found a runed translucent door.
  7496 | D:6      | Noticed Crazy Yiuf
  7716 | D:6      | Killed Crazy Yiuf
  7840 | D:5      | Bought a glowing helmet for 232 gold pieces
  7923 | D:7      | Reached skill level 8 in Earth Magic
  8138 | D:7      | Noticed a troll
  8141 | D:7      | Reached XP level 9. HP: 56/62 MP: 11/23
  8414 | D:7      | Noticed Joseph
  8477 | D:7      | Killed Joseph
  8550 | D:7      | Found a hazy altar of Hepliaklqana.
  8559 | D:7      | Found a staircase to the Ecumenical Temple.
  8641 | D:7      | Noticed a tengu warrior
  8857 | D:7      | Killed a tengu warrior
  8857 | D:7      | Reached skill level 5 in Shields
  8857 | D:7      | Reached skill level 9 in Earth Magic
  9043 | D:7      | Found Sihek's Antique Weapon Shop.
  9181 | D:7      | Identified the +7 morningstar of Hagruhou {freeze, rElec
                  | rPois MR+++ Dex-4}
  9181 | D:7      | Identified the ring "Intes" {Wiz rElec Int+2 Dex+2}
  9253 | D:7      | Identified the Almanac of Protection
  9382 | D:8      | Found a glowing golden altar of the Shining One.
  9420 | D:8      | Noticed Prince Ribbit
  9426 | D:8      | Killed Prince Ribbit
  9426 | D:8      | Reached XP level 10. HP: 57/69 MP: 23/26
  9511 | D:8      | Found a staircase to the Lair.
  9517 | D:8      | Noticed a two-headed ogre
  9527 | D:8      | Killed a two-headed ogre
  9616 | D:8      | Noticed a two-headed ogre
  9623 | D:8      | Killed a two-headed ogre
  9661 | D:8      | Reached skill level 10 in Earth Magic
  9968 | D:8      | Found a basalt altar of Yredelemnul.
 10540 | D:9      | Found a hide-covered altar of Uskayaw.
 11199 | D:9      | Found a snail-covered altar of Cheibriados.
 11265 | D:10     | Entered Level 10 of the Dungeon
 11281 | D:10     | Reached XP level 11. HP: 74/74 MP: 25/28
 11293 | D:10     | Found a staircase to the Orcish Mines.
 11401 | D:10     | Noticed a two-headed ogre
 11406 | D:10     | Killed a two-headed ogre
 11413 | D:10     | Noticed Erolcha
 11553 | D:10     | Killed Erolcha
 11734 | D:10     | Found Lekunyup's General Store.
 11742 | D:10     | Bought a potion of magic for 88 gold pieces
 11742 | D:10     | Bought a scroll of holy word for 82 gold pieces
 11742 | D:10     | Bought a scroll of fear for 38 gold pieces
 11742 | D:10     | Bought a scroll of enchant armour for 82 gold pieces
 11742 | D:10     | Bought 18 stones for 19 gold pieces
 12042 | Orc:1    | Entered Level 1 of the Orcish Mines
 12389 | Orc:1    | Reached skill level 11 in Earth Magic
 12458 | Orc:1    | Noticed an orc knight
 12459 | Orc:1    | Noticed an orc high priest
 12473 | Orc:1    | Reached skill level 10 in Spellcasting
 12477 | Orc:1    | Killed an orc knight
 12479 | Orc:1    | Killed an orc high priest
 12516 | Orc:1    | Noticed Erica
 12535 | Orc:1    | Killed Erica
 12901 | Orc:2    | Entered Level 2 of the Orcish Mines
 12906 | Orc:2    | Noticed an orc knight
 12909 | Orc:2    | Noticed an orc high priest
 12915 | Orc:2    | Noticed an orc high priest
 12916 | Orc:2    | Noticed an orc high priest
 13146 | D:11     | Noticed a four-headed hydra
 13156 | D:11     | Killed a four-headed hydra
 13367 | D:11     | Noticed Snorg
 13385 | D:11     | Killed Snorg
 13737 | D:11     | Reached XP level 12. HP: 69/81 MP: 6/31
 13771 | D:11     | Slain by an ogre

Levels and vault maps discovered:
D:1:      nagdon_arrival_double_spiral, layout_loops_ring, serial_bayou,
          serial_bayou_shore_b, serial_bayou_shore_a, serial_bayou_shore_b,
          serial_bayou_shore_b, serial_bayou_lagoon_a, minmay_heptomino_d4
D:2:      layout_loops_cross, nicolae_ashenzari_panopticon, uniq_sigmund
D:3:      layout_basic, minivault_23
D:4:      layout_gridville, first_ration, serial_shops, shop_statue,
          uniq_blork_the_orc
D:5:      layout_rooms, minmay_shop_grid_forest
D:6:      layout_gridville, old_standard_altar, marbit_many_paths, serial_glass,
          glass_columns_a, glass_columns_a, sword_in_stone,
          uniq_crazy_yiuf_cottage
D:7:      minmay_the_grid_octo_triangle [minmay_the_grid_octo_empty,
          minmay_the_grid_octo_prize_star, minmay_the_grid_octo_empty],
          layout_basic, lemuel_crystal_altar, minmay_temple_entry_arrows,
          serial_shops, shop, uniq_joseph
D:8:      layout_basic, yredelemnul_forgotten_temple_becter,
          nicolae_overflow_crystal_walls, due_lair_maze_entry_diamond,
          uniq_prince_ribbit1
D:9:      layout_loops_ring, lemuel_doored_altar,
          eat_drink_and_be_merry_uskayaw, hangedman_pestilent_swarm
D:10:     layout_cave_pools, erik_orc_3, serial_shops, shop, uniq_erolcha
D:11:     layout_roguey, serial_shops, shop, basic_altar, nooodl_food_tri,
          uniq_snorg
Orc:1:    layout_diamond_mine, statue_in_the_mist_lemuel, library_closet,
          uniq_erica
Orc:2:    grunt_orc_gardens, layout_diamond_mine, grunt_orc_garden,
          grunt_orc_garden, grunt_orc_garden, grunt_orc_garden, serial_shops,
          shop

Skill      XL: |  1  2  3  4  5  6  7  8  9 10 11 |
---------------+----------------------------------+-----
Spellcasting   | 2 3 4 6 7 8 9 10 | 10.6
Earth Magic    | 3 4 5 6 8 9 10 11 | 11.7
Shields        | 3 5 7 9 |  9.4
Dodging        | |  1.7
Stealth        | |  1.7
Transmutations | |  0.8

Action                   |  1- 3 |  4- 6 |  7- 9 | 10-12 || total
-------------------------+-------+-------+-------+-------++-------
Melee: Unarmed           |    57 |    65 |       |       ||   122
       Dagger            |       |    29 |   137 |       ||   166
       Morningstar       |       |       |    23 |   176 ||   199
 Cast: Sandblast         |    36 |    47 |    95 |   142 ||   320
       Stone Arrow       |       |    21 |    21 |    27 ||    69
       Lee's Rapid Decon |       |       |    27 |    40 ||    67
       Petrify           |       |       |     2 |     4 ||     6
Evoke: Wand              |       |       |     8 |    19 ||    27
  Use: Scroll            |     6 |     3 |     5 |    10 ||    24
       Potion            |     1 |     2 |     5 |     2 ||    10
 Stab: Sleeping          |     4 |     3 |     2 |     4 ||    13
       Petrified         |       |       |       |     4 ||     4
  Eat: Chunk             |     2 |     9 |    13 |    19 ||    43
       Ration            |       |       |     3 |       ||     3
Armor: Robe              |    14 |    21 |    43 |    47 ||   125
       Skin              |       |       |     6 |     3 ||     9
       Leather armour    |       |       |       |     9 ||     9
Dodge: Dodged            |    44 |    83 |   136 |   158 ||   421
Block: Buckler           |       |       |    45 |    79 ||   124
